 Dungeon Crawl Stone Soup version 0.29-a0-982-gaed3a0c8d8 (webtiles) character file.

Game seed: 13512733214940751965

4018 enile the Fighter (level 10, -3/80 HPs)
             Began as a Djinni Ice Elementalist on Aug 2, 2022.
             Was a Plaything of Xom.
             Killed from afar by a molten gargoyle (15 damage)
             ... with a bolt of magma
             ... on level 9 of the Dungeon.
             The game lasted 00:14:16 (12104 turns).

enile the Fighter (Djinni Ice Elementalist)        Turns: 12104, Time: 00:14:16

Health: -3/80      AC:  1    Str:  7    XL:     10   Next: 47%
Gold:   417        EV: 13    Int: 20    God:    Xom [*.....] SH:  5 Dex: 13

rFire   + + .      SeeInvis .   N - +4 dagger (chaos)
rCold   x . .      Faith    .   (no shield)
rNeg    . . .      Spirit   .   a - +0 robe
rPois   ∞          Reflect  +   (no helmet)
rElec   .          Harm     .   (no cloak)
rCorr   .          Rampage  .   (no gloves)
Will    +....                   (boots unavailable)
Stlth   ++........              u - amulet of reflection
HPRegen 0.23/turn               z - ring of wizardry
MPRegen 0.00/turn               (no ring)

@: flying, unable to drink
A: sickness immunity, fire resistance 2, cold vulnerability 1, float, innate
caster, HP casting, extra vitality 1, clumsy 1, deformed body, inability to
drink while threatened 1, MP-powered wands
a: Renounce Religion


You were on level 9 of the Dungeon.
You worshipped Xom.
You were a special plaything of Xom.
You visited 1 branch of the dungeon, and saw 9 of its levels.
You also visited: Sewer.

You collected 417 gold pieces.

Inventory:

Hand Weapons
 b - a +5 long sword
 c - a +0 dagger
 o - the +9 dagger of Righteous Fury {elec, rC- rCorr Dex+2 SInv}
   (You found it on level 2 of the Dungeon)

   It occasionally discharges a powerful burst of electricity upon striking a
   foe.
   Dex:       It affects your dexterity (+2).
   rC:        It makes you vulnerable to cold.
   SInv:      It lets you see invisible.
   rCorr:     It protects you from acid and corrosion.
 q - a +0 dagger of speed
 s - a +0 dagger of protection
 N - a +4 dagger of chaos (weapon)
Missiles
 t - 2 curare-tipped darts
 v - 38 stones
 K - 2 throwing nets
Armour
 a - a +0 robe (worn)
 m - a +1 ring mail of fire resistance
Jewellery
 u - an amulet of reflection (around neck)
 z - a ring of wizardry (left hand)
 M - an amulet of the acrobat
Wands
 B - a wand of flame (60)
 H - a wand of charming (6)
 O - a wand of light (3)
 P - a wand of roots (2)
Scrolls
 e - 2 scrolls of amnesia
 f - a scroll of brand weapon
 l - 2 scrolls of poison
 n - 2 scrolls of enchant weapon
 p - 2 scrolls of magic mapping
 w - 2 scrolls of teleportation
 x - 2 scrolls of noise {unknown}
 y - 2 scrolls of vulnerability {unknown}
 C - a scroll of silence {unknown}
 F - a scroll of summoning {unknown}
 G - 2 scrolls of fear (quivered)
 I - a scroll of immolation
 J - a scroll of identify
Potions
 d - a potion of berserk rage {unknown}
 g - 2 potions of magic {unknown}
 h - 3 potions of curing
 i - a potion of haste
 j - a potion of attraction {unknown}
 k - 2 potions of ambrosia {unknown}
 r - 2 potions of resistance {unknown}
 A - 2 potions of brilliance {unknown}
 D - a potion of mutation {unknown}
 E - 2 potions of lignification {unknown}
 L - a potion of heal wounds {unknown}


   Skills:
 - Level 10.0 Fighting
 - Level 4.0 Short Blades
 - Level 4.0 Dodging
 - Level 1.5 Stealth
 + Level 7.7 Spellcasting


You had 4 spell levels left.
You knew the following spells:

 Your Spells              Type           Power      Damage    Failure   Level
a - Call Imp              Summ           38%        N/A       1%          2
b - Frozen Ramparts       Ice            76%        1d15      1%          3
c - Olgreb's Toxic Radia  Pois           38%        N/A       1%          4
d - Hailstorm             Conj/Ice       38%        3d9       1%          4
e - Summon Small Mammal   Summ           100%       N/A       1%          1
f - Passwall              Tmut/Erth      31%        N/A       1%          2
g - Freeze                Ice            100%       1d11      1%          1
h - Ozocubu's Armour      Ice            38%        N/A       1%          3
Your spell library was empty.

Dungeon Overview and Level Annotations

Branches:
Dungeon (9/15)              Sewer (visited)
 Temple: D:4-7         Lair: D:8-11         Orc: D:9-12

Altars:
Gozag
Hepliaklqana
Okawaru
Qazlal
Xom

Shops:
D:8 :

Annotations:
D:3 1 runed translucent door, MisterAzrael's ghost, amateur DjTm


Innate Abilities, Weirdness & Mutations

You are immune to sickness and miasma.
You are immune to poison.
Your flesh is very heat resistant. (rF++)
You are vulnerable to cold. (rC-)
You float through the air rather than walking.
You learn spells naturally, not from books.
Your magical power is your life essence.
You have superior vitality. (+4 MHP)
You are clumsy. (Dex -2)
Armour fits poorly on your strangely shaped body.
You occasionally lose the ability to drink potions when taking damage.
You expend health (3 HP) to strengthen your wands.


Message History

Press: ? - help, Shift-Dir - straight line, f - molten gargoyle
Aim: a molten gargoyle, wielding a +2 flail of draining (moderately damaged, fast, 83% to hit)
You feel a surge of power!
The bolt of light hits the molten gargoyle.
The molten gargoyle is moderately damaged.
The molten gargoyle is blinded.
The bolt of light hits the killer bee!
The killer bee is almost dead.
The killer bee is blinded.
* * * LOW HITPOINT WARNING * * *
The wall freezes the killer bee. x2
You kill the killer bee!
A killer bee comes into view.
The wall freezes the molten gargoyle!
The molten gargoyle closely misses you.
The wall freezes the killer bee!
You kill the killer bee!
A killer bee comes into view.
Your icy armour and frozen ramparts will break if you move.
Continue?
Your icy armour cracks and falls away as you move.
The frozen ramparts melt away as you move.
The molten gargoyle hits you with a +2 flail of draining!
* * * LOW HITPOINT WARNING * * *
You are engulfed in flames.
You resist.
* * * LOW HITPOINT WARNING * * *
The killer bee moves out of view.
Okay, then.
Read: 2 scrolls of fear
Press: ? - help, Q - select action, (/) - cycle Dir - look around, f - activate Look: a molten gargoyle, wielding a +2 flail of draining (severely damaged, fast, blind, not susceptible)
Okay, then.
Okay, then.
You cannot drink potions in your current state!
You cannot drink potions in your current state!
You cannot drink potions in your current state!
Okay, then.
You can drink potions again.
The molten gargoyle blasts magma at you!
The bolt of magma hits you! You partially resist.
You feel threatened and lose the ability to drink potions!
You die...
Xom is highly amused!

#...........#.#....###
..........#.#.###.....
#.........#.....#.###.
....[.....###.#.#.# #.
y #########.........#
#. ≈≈. #......###.#.#.#
#. ≈≈.#
#.####.#.....#.# #.
#..##.>....#.#.###.###.
#†y9.@......#.#.......
#.###.####.###.###.###.
#.# #.........###. #.#
#.[........... ...
#.#.#########. ...
#.#.#########. .....
#<#........... ...<.
###..######### #..# #


You could see a molten gargoyle (fast, blind) and a killer bee.

Vanquished Creatures
  2 trolls
  A wyvern (D:9)
  A steam dragon (D:5)
  A water moccasin (D:8)
  An orc warrior (D:8)
  3 black bears
  A sky beast (D:6)
  6 centaurs
  8 kobold brigands
  A necrophage (D:6)
  2 bullfrogs
  2 scorpions
  A gnoll sergeant (D:8)
  2 killer bees (D:9)
  3 vampire bats (D:5)
  3 howler monkeys
  3 hounds
  A jelly (D:4)
  2 orc priests (D:5)
  6 iguanas
  7 orc wizards
  8 adders
  5 river rats (Sewer)
  2 white imps
  7 worms
  A dart slug (D:4)
  25 orcs
  A bat zombie (D:4)
  6 endoplasms
  A giant cockroach (D:4)
  4 goblins
  7 hobgoblins
  6 jackals
  21 kobolds
  5 quokkas
  3 ball pythons
  7 bats
  6 frilled lizards
  8 rats
  A rat zombie (D:4)
181 creatures vanquished.

Vanquished Creatures (collateral kills)
  An ice beast (D:6)
  Jessica (D:2)
  2 orcs (D:5)
  A rat (Sewer)
5 creatures vanquished.

Vanquished Creatures (others)
  Psyche (D:8)
  22 plants
  2 withered plants (D:3)
25 creatures vanquished.

Grand Total: 211 creatures vanquished

Notes
Turn   | Place    | Note
-------+----------+-------------------------------------------
     0 | D:1      | enile the Djinni Ice Elementalist began the quest for the
                  | Orb.
     0 | D:1      | enile set off with the following spells memorised: Freeze,
                  | Frozen Ramparts, Ozocubu's Armour, Hailstorm.
     0 | D:1      | Reached XP level 1. HP: 15/15 MP: 0/0
   387 | D:1      | Reached skill level 1 in Fighting
   609 | D:1      | Reached XP level 2. HP: 21/22 MP: 0/0
   968 | D:1      | Reached skill level 2 in Fighting
  1648 | D:2      | Noticed Jessica
  1653 | D:2      | Reached XP level 3. HP: 26/29 MP: 0/0
  1653 | D:2      | Learned a level 1 spell: Summon Small Mammal
  1699 | D:2      | Killed Jessica
  1700 | D:2      | Reached skill level 3 in Fighting
  1700 | D:2      | Reached XP level 4. HP: 29/35 MP: 0/0
  1846 | D:2      | Identified the +9 dagger of Righteous Fury {elec, rC- rCorr
                  | Dex+2 SInv}
  2763 | D:1      | Found a faded altar of an unknown god.
  2772 | D:1      | Prayed at the altar of an unknown god.
  2772 | D:1      | Became a worshipper of Xom of Chaos
  2841 | D:3      | Found a glowing drain.
  2855 | Sewer    | Entered a sewer
  3000 | Sewer    | Reached XP level 5. HP: 37/40 MP: 0/0
  3000 | Sewer    | Learned a level 2 spell: Passwall
  3152 | Sewer    | Noticed a kobold brigand
  3152 | Sewer    | XOM: potion effect (invisibility)
  3159 | Sewer    | Killed a kobold brigand
  3160 | Sewer    | Reached XP level 6. HP: 42/46 MP: 0/0
  3260 | Sewer    | Reached skill level 5 in Spellcasting
  3301 | Sewer    | XOM: 7-stop teleportation journey
  3382 | Sewer    | XOM: torment (22/46 hp)
  3563 | Sewer    | Reached skill level 4 in Fighting
  3691 | Sewer    | Reached XP level 7. HP: 50/52 MP: 0/0
  3691 | Sewer    | Learned a level 2 spell: Call Imp
  3963 | Sewer    | XOM: summons 2 hostile shadow creatures
  4052 | Sewer    | Reached skill level 5 in Fighting
  4052 | Sewer    | Reached skill level 1 in Short Blades
  4515 | D:3      | Found a runed translucent door.
  4515 | D:3      | Noticed MisterAzrael's ghost (amateur DjTm)
  4621 | D:3      | XOM: noise
  4879 | D:4      | XOM: 1-stop teleportation journey
  4947 | D:4      | XOM: torment (28/54 hp)
  5017 | D:4      | XOM is BORED!
  5017 | D:4      | XOM: give mutation
  5017 | D:4      | Gained mutation: You expend health (3 HP) to strengthen
                  | your wands. [Xom's mischief]
  5072 | D:4      | XOM: 2-stop teleportation journey
  5144 | D:4      | XOM: give mutation
  5144 | D:4      | Gained mutation: Armour fits poorly on your strangely
                  | shaped body. [Xom's mischief]
  5239 | D:4      | Reached XP level 8. HP: 48/59 MP: 0/0
  5733 | D:4      | XOM: noise
  5786 | D:4      | XOM: summons 5 hostile demons
  5787 | D:4      | Noticed a red devil
  5787 | D:4      | Noticed a smoke demon
  5989 | D:5      | Entered Level 5 of the Dungeon
  6268 | D:5      | Reached skill level 6 in Fighting
  6715 | D:5      | Reached skill level 7 in Fighting
  6764 | D:5      | XOM: 2-stop teleportation journey
  6951 | D:5      | XOM: summons 3 hostile demons
  6979 | D:5      | XOM: give mutations
  6979 | D:5      | Gained mutation: You occasionally lose the ability to drink
                  | potions when taking damage. [Xom's mischief]
  6979 | D:5      | Gained mutation: You are clumsy. (Dex -2) [Xom's mischief]
  7597 | D:5      | XOM: summons 2 hostile shadow creatures
  7637 | D:5      | XOM: confusion (+ monsters)
  7675 | D:5      | XOM: chaos cloud
  7682 | D:5      | XOM: polymorph orc wizard -> steam dragon
  7685 | D:5      | Paralysed by you for 2 turns
  7695 | D:5      | Paralysed by you for 3 turns
  7700 | D:5      | Reached XP level 9. HP: 13/68 MP: 0/0
  7700 | D:5      | Learned a level 4 spell: Olgreb's Toxic Radiance
  8283 | D:6      | XOM: polymorph iron imp -> quasit
  8299 | D:6      | Reached skill level 8 in Fighting
  8350 | D:6      | You are sucked into a shaft and drop 1 floor!
  8496 | D:7      | XOM: god gift: stone
  8507 | D:7      | Reached skill level 9 in Fighting
  8711 | D:7      | XOM: scenery: 1 doors open
  8786 | D:7      | Found an opulent altar of Gozag.
  8834 | D:7      | XOM: 6-stop teleportation journey
  9439 | D:8      | Found Dyjead's Vocational Training.
  9439 | D:8      | XOM: 9-stop teleportation journey
  9584 | D:8      | Found a hazy altar of Hepliaklqana.
  9677 | D:8      | Noticed a troll
  9687 | D:8      | XOM: confuse monster(s)
  9689 | D:8      | Killed a troll
  9690 | D:8      | Reached skill level 10 in Fighting
  9904 | D:8      | Noticed Psyche
  9912 | D:8      | Killed Psyche
  9912 | D:8      | XOM: divine lightning
 10008 | D:8      | Reached XP level 10. HP: 36/80 MP: 0/0
 10099 | D:8      | XOM: god gift: wand of light (5)
 10341 | D:8      | XOM: cast spell 'Summon Small Mammal'
 10509 | D:8      | XOM: 6-stop teleportation journey
 10690 | D:8      | Found a stormy altar of Qazlal.
 11182 | D:9      | Found an iron altar of Okawaru.
 11667 | D:9      | XOM: scenery: summon butterflies
 12096 | D:9      | Noticed a molten gargoyle
 12098 | D:9      | XOM: enchant monster (bad)
 12104 | D:9      | Killed from afar by a molten gargoyle

Illustrated notes

Levels and vault maps discovered:
D:1:      heliophobic_arrival_dark_side_of_the_moon, layout_basic,
          dilly_ecumenical_altar_fadedgnrine
D:2:      layout_basic, corexii_shack, minmay_octomino_c4, uniq_jessica
D:3:      layout_rooms, cheibrodos_sewer_entry_drain, gammafunk_ghost_grave,
          feat_on_display
D:4:      layout_cave_pods, lemuel_zombie_altar_kikubaaqudgha
D:5:      layout_loops_ring, led_sif_book, kennysheep_cross_room,
          grunt_ministairs_12, roderic_batcave
D:6:      nicolae_BIG_FREAKIN_CUBE, layout_basic, kennysheep_mini_moat,
          yredelemnul_forgotten_temple_becter, minmay_temple_entry_proselytizer,
          hangedman_decor_riveting, lemuel_another_geyser
D:7:      layout_basic, kennysheep_little_box, serial_bayou_pond_c
D:8:      minmay_chambers_of_fours, layout_loops_corners,
          mainiacjoe_overflow_boulevard, amethyst_overflow_temple_binary,
          nicolae_shop_vocational, uniq_psyche
D:9:      minmay_skewed_foursquare, layout_basic, fedhas_altar_fruit_tree,
          lemuel_crystal_altar, david_lair_shrubbed, minmay_misc_feat_roman,
          minivault_8

Skill      XL: |  1  2  3  4  5  6  7  8  9 10 |
---------------+-------------------------------+-----
Fighting       | 1 2 3 4 5 7 10 | 10.0
Spellcasting   | 4 5 7 |  7.7
Short Blades   | 2 4 |  4.0
Dodging        | 4 |  4.0
Stealth        | |  1.5

Action                   |  1- 3 |  4- 6 |  7- 9 | 10-12 || total
-------------------------+-------+-------+-------+-------++-------
Melee: Unarmed           |     3 |       |       |       ||     3
       Dagger            |     3 |    41 |   210 |    78 ||   332
       Punch             |       |       |     3 |     2 ||     5
 Cast: Freeze            |    26 |    20 |       |       ||    46
       Summon Small Mamm |     3 |       |       |       ||     3
       Ozocubu's Armour  |     1 |     1 |     2 |     1 ||     5
       Frozen Ramparts   |       |    12 |    14 |     3 ||    29
       Call Imp          |       |       |    24 |       ||    24
       Olgreb's Toxic Ra |       |       |     1 |     4 ||     5
Evoke: Wand              |       |       |     2 |     3 ||     5
  Use: Scroll            |     1 |       |     9 |     2 ||    12
       Potion            |     1 |       |     4 |       ||     5
 Stab: Sleeping          |       |     1 |     4 |     1 ||     6
       Invisible         |       |       |     1 |     1 ||     2
Armor: Robe              |     5 |     5 |    15 |     8 ||    33
Dodge: Dodged            |    19 |    29 |   150 |    71 ||   269
Block: Other             |       |       |    12 |    25 ||    37
       Reflection        |       |       |       |     3 ||     3

Table legend: (Time is in decaauts)
 A = Elapsed time spent in this place.
 B = Non-inter-level travel time spent in this place.
 C = Inter-level travel time spent in this place.
 D = Time resting spent in this place.
 E = Time spent auto-exploring this place.
 F = Levels seen in this place.
 G = Mean time per level.
                   A        B        C        D        E       F      G
               +--------+--------+--------+--------+--------+-----+--------+
         Total |  12032 |  11603 |    429 |      0 |  10191 |  10 | 1203.2 |
       Dungeon |  10750 |  10321 |    429 |      0 |   9141 |   9 | 1194.4 |
         Sewer |   1281 |   1281 |      0 |      0 |   1050 |   1 | 1281.0 |
               +--------+--------+--------+--------+--------+-----+--------+

Top non-repeatable levels by time:
     D:5: 2200 daAuts
     D:8: 1849 daAuts
     D:1: 1661 daAuts
   Sewer: 1281 daAuts
     D:2: 1221 daAuts
     D:4: 1145 daAuts
     D:7: 961 daAuts
     D:9: 916 daAuts
     D:3: 675 daAuts
     D:6: 119 daAuts
